[Event "GER-ch Youth U16W 2020"]
[Site "Willingen"]
[Date "2020.10.21"]
[Round "3.6"]
[White "Kalina, Lena"]
[Black "Doll, Rebecca"]
[Result "1-0"]
[ECO "D35"]
[WhiteElo "1561"]
[BlackElo "1808"]
[Annotator "NA RC"]
[PlyCount "119"]
[EventDate "2020.10.20"]
[EventType "swiss"]
[EventRounds "7"]
[EventCountry "GER"]
[SourceTitle "playchess.com"]
[Source "ChessBase"]
[SourceQuality "1"]
[TimeControl "40/5400+30:1800+30"]

1. d4 d5 2. c4 e6 3. Nc3 Nf6 4. cxd5 exd5 5. Bg5 Nbd7 6. e3 c6 {[%emt 0:00:07] 6...Be7 is more advanced technology.} 7. Bd3 Be7 8. h3 {[%emt 0:00:18] D35: Queen's Gambit Declined: Exchange Variation.} Nb6 9. Bf4 Be6 10. Qc2 Bd6 11. Bxd6 Qxd6 {[%emt 0:00:33] [#]} 12. Nf3 $146 ({Predecessor:} 12. Nge2 Qe7 13. O-O-O O-O-O 14. Kb1 Kb8 15. Rc1 Rhe8 16. Na4 Nxa4 17. Qxa4 Bd7 18. Qc2 {½-½ (56) Bischoff,K (2569)-Shengelia,D (2566) Austria 2010}) 12... g6 13. Ne5 a6 14. O-O O-O 15. b3 Nh5 16. f4 Ng7 17. g4 f6 18. Nf3 Rac8 19. Nh4 c5 20. Rac1 cxd4 21. exd4 Qb4 22. Nf3 Rc7 23. Qd2 Re8 24. Ne2 Qe7 25. Rxc7 Qxc7 26. Rc1 Qd6 27. Kg2 Bd7 28. Ng3 Ne6 29. f5 Nf4+ 30. Kh2 gxf5 $2 (30... Nxd3 $19 {has better winning chances.} 31. Rf1 Nf4 32. fxg6 hxg6) 31. gxf5 Nh5 32. Rg1 Kh8 33. Qh6 Nxg3 {[%emt 0:00:32] [#]} 34. Rxg3 $2 (34. Ne5 $1 $18 Nh5 35. Kh1 Rxe5 36. dxe5) 34... Rg8 {[%emt 0:00:46] [#]} (34... Qf8 $16 35. Qh5 Re7) 35. Qh4 $2 (35. Ne5 $1 $18 Be8 (35... fxe5 36. Qxd6) 36. Ng6+ Bxg6 37. fxg6) 35... Nc8 36. Kg2 Rxg3+ 37. Qxg3 Qxg3+ 38. Kxg3 Nd6 39. Kf4 Bb5 40. Ne1 Kg7 41. a4 Bxd3 42. Nxd3 a5 $1 43. Nc5 Kf7 {[%emt 0:00:23] [#]} (43... Kh6 $11) 44. Ne6 $1 Ne8 $2 (44... Ke8 $16 {is more resistant.}) 45. Nd8+ $18 {[%emt 0:00:00] Double Attack} Ke7 46. Nxb7 Kd7 47. Nxa5 Kc7 48. b4 Kb6 49. Nb3 Nd6 50. Nc5 Ne8 51. Kg4 Ka7 52. a5 Nd6 53. Nd7 Ne4 54. b5 Ka8 55. Nb6+ Kb7 56. Nxd5 Kc8 57. Kf4 Nd6 58. Nxf6 Nxb5 59. Nxh7 Nxd4 60. f6 1-0

[Event "GER-ch Youth U16W 2020"]
[Site "Willingen"]
[Date "2020.10.21"]
[Round "3.7"]
[White "Schneider, Katharina"]
[Black "Pavlov, Liliane"]
[Result "0-1"]
[ECO "B90"]
[WhiteElo "1779"]
[BlackElo "1744"]
[Annotator "NA RC"]
[PlyCount "98"]
[EventDate "2020.10.20"]
[EventType "swiss"]
[EventRounds "7"]
[EventCountry "GER"]
[SourceTitle "playchess.com"]
[Source "ChessBase"]
[SourceQuality "1"]
[TimeControl "40/5400+30:1800+30"]

1. e4 c5 2. Nf3 d6 3. d4 cxd4 4. Nxd4 Nf6 5. Nc3 a6 6. f3 e5 7. Nb3 Be7 8. Be3 Be6 9. Qd2 O-O 10. O-O-O a5 11. Kb1 a4 12. Nc1 Ra5 13. h4 d5 14. exd5 Nxd5 15. Nxd5 Rxd5 16. Bd3 a3 17. g4 axb2 18. Nb3 Nc6 19. c4 Rd7 20. Nc5 Bxc5 21. Bxc5 Re8 22. Qc2 h6 23. g5 h5 24. Bh7+ Kh8 25. Rxd7 Qxd7 26. Rd1 Nd4 27. Bxd4 exd4 28. Bd3 Rc8 29. Kxb2 b5 30. Rc1 bxc4 31. Bxc4 Rxc4 32. Qd2 Qb5+ 33. Ka1 Rxc1+ 34. Qxc1 d3 35. Qd2 Qc4 36. Kb1 Qxa2+ 37. Qxa2 Bxa2+ 38. Kxa2 d2 39. Kb2 d1=Q 40. f4 Qd4+ 41. Kb1 Qxf4 42. Ka1 Qxh4 43. Kb1 Qxg5 44. Kc2 Qg3 45. Kd1 Qg2 46. Kc1 h4 47. Kb1 h3 48. Ka1 h2 49. Kb1 h1=R# 0-1

[Event "GER-ch Youth U16W 2020"]
[Site "Willingen"]
[Date "2020.10.21"]
[Round "3.8"]
[White "Basovskiy, Jana"]
[Black "Jacoby, Angelina"]
[Result "1/2-1/2"]
[ECO "B01"]
[WhiteElo "1760"]
[BlackElo "1630"]
[Annotator "NA RC"]
[PlyCount "97"]
[EventDate "2020.10.20"]
[EventType "swiss"]
[EventRounds "7"]
[EventCountry "GER"]
[SourceTitle "playchess.com"]
[Source "ChessBase"]
[SourceQuality "1"]
[TimeControl "40/5400+30:1800+30"]

1. e4 d5 2. exd5 Qxd5 3. Nc3 Qd8 4. d4 Nf6 5. Nf3 Bg4 6. h3 Bxf3 7. Qxf3 c6 8. Be3 e6 9. Bd3 Nbd7 10. O-O-O Bb4 11. Ne2 Qa5 12. Kb1 Qd5 13. Qxd5 exd5 14. Bf4 O-O-O 15. Ng3 g6 16. c3 Ba5 17. Rhe1 Rde8 18. Nf1 Rxe1 19. Rxe1 Re8 20. Rxe8+ Nxe8 21. Nd2 f5 22. Kc2 Ndf6 23. Be5 Kd7 24. Be2 Bd8 25. Nb3 b6 26. Nd2 Nd6 27. f3 Nh5 28. g4 Nf6 29. Bd3 fxg4 30. hxg4 Nf7 31. Bf4 Ne8 32. Kd1 Ng5 33. Bg3 Nd6 34. Ke2 Ne6 35. f4 Ng7 36. Nf3 Nf7 37. Ke3 Ke6 38. c4 Be7 39. cxd5+ cxd5 40. Bc2 Bd6 41. Bh4 h5 42. Bxg6 hxg4 43. Ne5 Bxe5 44. dxe5 Nf5+ 45. Bxf5+ Kxf5 46. Bg3 Nh6 47. Be1 Ke6 48. Kf2 Nf5 49. Bd2 1/2-1/2

[Event "GER-ch Youth U16W 2020"]
[Site "Willingen"]
[Date "2020.10.21"]
[Round "3.9"]
[White "Schwegler, Jelena"]
[Black "Falke, Ornella"]
[Result "0-1"]
[ECO "C01"]
[WhiteElo "1539"]
[BlackElo "1500"]
[Annotator "NA RC"]
[PlyCount "50"]
[EventDate "2020.10.20"]
[EventType "swiss"]
[EventRounds "7"]
[EventCountry "GER"]
[SourceTitle "playchess.com"]
[Source "ChessBase"]
[SourceQuality "1"]
[TimeControl "40/5400+30:1800+30"]

1. e4 e6 2. d4 d5 3. exd5 exd5 4. Bd3 c5 5. c3 Nf6 6. Bf4 Nc6 7. Bc2 Qb6 8. Bb3 cxd4 9. cxd4 Qxd4 10. Qe2+ Be6 11. Be3 Bb4+ 12. Kf1 Qe5 13. Nf3 Qd6 14. Nbd2 h6 15. Nd4 O-O 16. h3 Rfe8 17. N2f3 a6 18. Rc1 Ne4 19. g4 Re7 20. Ba4 Bd7 21. a3 Ba5 22. b4 Bc7 23. Qd3 Nxd4 24. Bxd7 Nxf3 25. Bf5 Rae8 0-1

[Event "GER-ch Youth U16W 2020"]
[Site "Willingen"]
[Date "2020.10.21"]
[Round "3.10"]
[White "Klahold, Rona"]
[Black "Dohon, Maria-Johanna"]
[Result "1-0"]
[ECO "A45"]
[WhiteElo "1551"]
[BlackElo "1536"]
[Annotator "NA RC"]
[PlyCount "110"]
[EventDate "2020.10.20"]
[EventType "swiss"]
[EventRounds "7"]
[EventCountry "GER"]
[SourceTitle "playchess.com"]
[Source "ChessBase"]
[SourceQuality "1"]
[TimeControl "40/5400+30:1800+30"]

1. d4 Nf6 2. Bf4 e6 3. e3 c5 4. Nf3 Nc6 5. Bd3 d5 6. c3 Bd6 7. Bg3 O-O 8. Nbd2 h6 9. Ne5 Qc7 10. Nxc6 Qxc6 11. Nf3 b6 12. Qe2 a6 13. Bxd6 Qxd6 14. O-O Re8 15. a4 Bb7 16. Rfd1 c4 17. Bc2 b5 18. Qe1 Nd7 19. e4 dxe4 20. Bxe4 Bxe4 21. Qxe4 Nf6 22. Qe5 Qxe5 23. Nxe5 Nd5 24. Ra3 Rec8 25. axb5 axb5 26. Rda1 Nc7 27. Kf1 Rxa3 28. Rxa3 Ra8 29. Rxa8+ Nxa8 30. Ke2 Kf8 31. Ke3 Ke7 32. Ke4 Nb6 33. Nc6+ Kd6 34. Na7 Na4 35. Nxb5+ Kd7 36. d5 exd5+ 37. Kxd5 Nxb2 38. Nd4 g6 39. Nf3 f6 40. Nd2 Nd1 41. Kxc4 Nxf2 42. Kd5 Ng4 43. Ne4 f5 44. Nc5+ Ke7 45. Nd3 Nf6+ 46. Kd4 Kd6 47. c4 Nd7 48. c5+ Kc7 49. Ne5 g5 50. Nxd7 Kxd7 51. Ke5 f4 52. h3 Kc6 53. Kf5 Kxc5 54. Kg6 Kd4 55. Kxh6 Kd5 1-0

[Event "GER-ch Youth U16W 2020"]
[Site "Willingen"]
[Date "2020.10.22"]
[Round "4.2"]
[White "Brunner, Sophia"]
[Black "Heutling, Elina"]
[Result "1-0"]
[ECO "A48"]
[WhiteElo "1850"]
[BlackElo "1873"]
[Annotator "NA RC"]
[PlyCount "120"]
[EventDate "2020.10.20"]
[EventType "swiss"]
[EventRounds "7"]
[EventCountry "GER"]
[SourceTitle "playchess.com"]
[Source "ChessBase"]
[SourceQuality "1"]
[TimeControl "40/5400+30:1800+30"]

1. d4 Nf6 2. Nf3 g6 3. Nbd2 Bg7 4. e4 d6 5. Bd3 Nbd7 6. O-O e5 7. c3 O-O 8. Re1 Re8 {[%emt 0:13:06] The old main line.} 9. a4 exd4 {[%emt 0:04:35] [#] B07: Pirc Defence: Miscellaneous Systems.} 10. Nxd4 $146 ({Predecessor:} 10. cxd4 c5 11. d5 Ng4 12. Bb5 a6 13. Bxd7 Bxd7 14. Nc4 Qc7 15. Bf4 Ne5 16. Bxe5 dxe5 17. a5 {1-0 (50) Ulanov,A (2453)-Alachihin,V (2283) Staraya Mayna 2018}) 10... d5 11. exd5 Rxe1+ 12. Qxe1 Nxd5 13. N2f3 Qe7 (13... N7f6 $11) 14. Bg5 N7f6 15. Qxe7 Nxe7 16. Re1 Kf8 17. Bc4 h6 18. Bxf6 (18. Bf4 $14) 18... Bxf6 19. Nb5 Bd7 20. Nd2 Rd8 21. Ne4 Bxb5 22. Bxb5 Kg7 23. f4 c6 24. Bc4 Nd5 25. Nxf6 Kxf6 26. Rd1 Ke7 27. g3 Kd6 28. Kf2 Kc5 29. Rd4 a5 30. Bf1 Re8 31. Bc4 Ne3 32. Bxf7 Ng4+ 33. Kg2 Ne3+ 34. Kf3 Re7 35. Bxg6 Nc4 36. b3 Nd6 37. Be4 b5 38. axb5 cxb5 39. Rd5+ Kc6 40. Rd4+ Nxe4 41. Rxe4 Rd7 42. Ke2 Kc5 43. Re5+ Kc6 44. Re6+ Kc5 45. Ra6 Re7+ 46. Kf3 Rd7 47. Rxa5 Rd3+ 48. Ke4 Rxc3 49. Ra6 Rxb3 50. Rxh6 Rb1 51. f5 b4 52. Kd3 Rf1 (52... Rd1+ $142 53. Kc2 Rf1) 53. g4 Rf3+ 54. Ke4 Rc3 55. Rh8 Rc4+ 56. Ke5 Rxg4 57. f6 Rg2 58. f7 Re2+ 59. Kf6 Rf2+ 60. Ke7 Kd5 1-0

[Event "GER-ch Youth U16W 2020"]
[Site "Willingen"]
[Date "2020.10.22"]
[Round "4.4"]
[White "Pavlov, Liliane"]
[Black "Kalina, Lena"]
[Result "1-0"]
[ECO "A49"]
[WhiteElo "1744"]
[BlackElo "1561"]
[Annotator "NA RC"]
[PlyCount "45"]
[EventDate "2020.10.20"]
[EventType "swiss"]
[EventRounds "7"]
[EventCountry "GER"]
[SourceTitle "playchess.com"]
[Source "ChessBase"]
[SourceQuality "1"]
[TimeControl "40/5400+30:1800+30"]

1. d4 Nf6 2. Nf3 g6 3. g3 Bg7 4. Bg2 O-O 5. O-O d6 6. b3 c5 7. Bb2 cxd4 8. Nxd4 d5 9. Na3 Nc6 10. c4 Nxd4 11. Bxd4 Qa5 12. Bb2 Rd8 13. cxd5 Nxd5 14. Nc4 Qc7 15. Bxg7 Kxg7 16. Bxd5 e6 17. Qd4+ Kg8 18. e4 exd5 19. exd5 b5 20. Ne3 Bb7 21. Ng4 h5 22. Nf6+ Kf8 23. Rfe1 1-0

[Event "GER-ch Youth U16W 2020"]
[Site "Willingen"]
[Date "2020.10.22"]
[Round "4.6"]
[White "Schnabel, Luise"]
[Black "Yue, Qizhou"]
[Result "1-0"]
[ECO "B47"]
[WhiteElo "1867"]
[BlackElo "1775"]
[Annotator "NA RC"]
[PlyCount "65"]
[EventDate "2020.10.20"]
[EventType "swiss"]
[EventRounds "7"]
[EventCountry "GER"]
[SourceTitle "playchess.com"]
[Source "ChessBase"]
[SourceQuality "1"]
[TimeControl "40/5400+30:1800+30"]

1. e4 c5 2. Nf3 e6 3. d4 cxd4 4. Nxd4 Nc6 5. Nc3 Qc7 6. g3 a6 7. Bg2 Nf6 8. O-O Be7 9. Re1 O-O {[%emt 0:06:05] B47: Sicilian: Taimanov: 5 Nc3 Qc7 6 f4, 6 g3 and 6 Be2.} 10. a4 {[%emt 0:11:08] [#]} Bb4 $146 ({Predecessor:} 10... d6 11. h3 Nxd4 12. Qxd4 e5 13. Qd3 Be6 14. Be3 Rac8 15. a5 Qc4 16. Qd2 Rfd8 17. Bb6 Re8 18. Ra4 Qc6 {1-0 (80) Nepomniachtchi,I (2717)-Grachev,B (2683) Khanty-Mansiysk 2013}) 11. Re2 Bxc3 12. bxc3 d6 13. Nxc6 bxc6 14. a5 Bb7 (14... e5 $11 {keeps the balance.}) 15. f4 Rfd8 16. Qe1 c5 17. c4 Rab8 18. Bd2 Bc6 19. Bc3 Nd7 20. Rd1 e5 (20... Nf8 $14) 21. Red2 Nf6 22. fxe5 dxe5 23. Bxe5 Qxe5 24. Rxd8+ Rxd8 25. Rxd8+ Be8 26. h3 g6 27. Kh2 Kg7 28. Qe3 Qc7 29. Ra8 Bc6 30. Qxc5 Nd7 31. Qd4+ f6 {[%emt 0:00:52] [#]} 32. Ra7 $18 Qc8 33. Qd6 1-0

[Event "GER-ch Youth U16W 2020"]
[Site "Willingen"]
[Date "2020.10.22"]
[Round "4.7"]
[White "Doll, Rebecca"]
[Black "Schneider, Katharina"]
[Result "1-0"]
[ECO "C50"]
[WhiteElo "1808"]
[BlackElo "1779"]
[Annotator "NA RC"]
[PlyCount "106"]
[EventDate "2020.10.20"]
[EventType "swiss"]
[EventRounds "7"]
[EventCountry "GER"]
[SourceTitle "playchess.com"]
[Source "ChessBase"]
[SourceQuality "1"]
[TimeControl "40/5400+30:1800+30"]

1. e4 e5 2. Nf3 Nc6 3. Bc4 Bc5 4. O-O d6 5. d3 Nf6 6. c3 a6 7. Nbd2 {[%emt 0:00:38] 7.a4 is becoming the main line.} Ba7 8. Bb3 h6 {[%emt 0:00:22] C54: Giuoco Piano: 4 c3 Nf6, main lines with 5 d4 and 5 d3.} 9. Re1 g5 10. Nf1 g4 11. N3d2 h5 12. Nc4 h4 13. Be3 g3 14. Bxa7 {[%emt 0:12:39] [#]} ({Don't do} 14. hxg3 $6 hxg3 15. Bxa7 (15. Nxg3 Ng4 $14) 15... Rxa7 $14) ({Better is} 14. fxg3 Nh5 15. Bxa7 Rxa7 16. g4) 14... Nxa7 $146 ({Predecessor:} 14... gxh2+ $1 $14 15. Nxh2 Rxa7 (15... Nxa7 16. d4 Nc6 17. dxe5 dxe5 18. Qxd8+ Kxd8 19. Rad1+ Ke7 20. Ne3 Ne8 {1-0 (57) Adams,M (2701)-McShane,L (2677) London 2019})) 15. Nce3 ({Resist} 15. hxg3 $6 hxg3 16. Nxg3 Ng4 $14) (15. fxg3 $16 Bg4 16. Qd2) 15... gxf2+ 16. Kxf2 Rg8 (16... Be6 $11 {remains equal.}) 17. Qf3 Bg4 18. Nxg4 Rxg4 19. Kg1 Rf4 20. Qe2 Qd7 21. Ne3 O-O-O {[%emt 0:01:16] [#]} 22. Rf1 $1 Rg8 (22... Kb8 $16 23. Rxf4 exf4) 23. Nf5 d5 24. Rxf4 exf4 25. Nxh4 dxe4 26. dxe4 Nc6 27. Nf3 Ng4 28. Kh1 Nce5 29. Nxe5 Nxe5 30. Rd1 Qe7 31. Qh5 Qf6 32. Qf5+ Qxf5 33. exf5 Rg5 34. Bc2 Ng4 35. Rd2 Ne3 $16 36. Be4 c6 37. Kg1 Nxf5 38. Bxf5+ Rxf5 39. Kf2 Kc7 40. Kf3 f6 41. Kg4 Ra5 42. a3 Ra4 43. Rf2 Re4 44. Kf5 Re5+ 45. Kxf6 Rh5 46. h3 Kd6 47. Rxf4 c5 48. h4 b5 49. g3 a5 50. Rf5 Rh6+ 51. Kg7 Re6 52. Rf6 Rxf6 53. Kxf6 Kd5 1-0

[Event "GER-ch Youth U16W 2020"]
[Site "Willingen"]
[Date "2020.10.22"]
[Round "4.8"]
[White "Cheredzhiyska, Iva"]
[Black "Basovskiy, Jana"]
[Result "0-1"]
[ECO "B40"]
[WhiteElo "1674"]
[BlackElo "1760"]
[Annotator "NA RC"]
[PlyCount "58"]
[EventDate "2020.10.20"]
[EventType "swiss"]
[EventRounds "7"]
[EventCountry "GER"]
[SourceTitle "playchess.com"]
[Source "ChessBase"]
[SourceQuality "1"]
[TimeControl "40/5400+30:1800+30"]

1. e4 c5 2. Nf3 e6 3. c3 Nf6 4. e5 Nd5 5. d4 cxd4 6. cxd4 Nc6 7. Bc4 d6 8. O-O Be7 9. a3 O-O 10. Qc2 Qb6 11. Rd1 Rd8 12. Bd3 g6 13. Nc3 Nxc3 14. Qxc3 dxe5 15. dxe5 Bc5 16. Rf1 Nd4 17. Bc4 Qc6 18. Ng5 b5 19. Qh3 h5 20. Bd3 Bb7 21. Be4 Qc7 22. Bxb7 Qxb7 23. b4 Be7 24. Be3 Nf5 25. Bf4 Rd4 26. Bc1 Rg4 27. Nf3 Rd8 28. Bb2 Rd3 29. Kh1 Rh4 0-1

[Event "GER-ch Youth U16W 2020"]
[Site "Willingen"]
[Date "2020.10.22"]
[Round "4.9"]
[White "Jacoby, Angelina"]
[Black "Klahold, Rona"]
[Result "1/2-1/2"]
[ECO "A20"]
[WhiteElo "1630"]
[BlackElo "1551"]
[Annotator "NA RC"]
[PlyCount "84"]
[EventDate "2020.10.20"]
[EventType "swiss"]
[EventRounds "7"]
[EventCountry "GER"]
[SourceTitle "playchess.com"]
[Source "ChessBase"]
[SourceQuality "1"]
[TimeControl "40/5400+30:1800+30"]

1. c4 e5 2. g3 Nc6 3. Bg2 Bc5 4. Nc3 f5 5. e3 Nf6 6. Nge2 d6 7. d4 Bb6 8. b3 O-O 9. O-O Qe8 10. Ba3 e4 11. Rb1 a6 12. Nf4 Ne7 13. b4 g5 14. Nfe2 d5 15. c5 Ba7 16. h3 c6 17. Bc1 Qh5 18. Bd2 f4 19. exf4 Bxh3 20. f3 Bxg2 21. Kxg2 exf3+ 22. Rxf3 Ng4 23. Qh1 Qxh1+ 24. Rxh1 gxf4 25. Rxf4 Rxf4 26. Bxf4 Nf5 27. Kf3 Nf6 28. Be5 Rf8 29. Rd1 Nd7 30. Bf4 Bb8 31. Rd3 Kg7 32. Kg2 Re8 33. Kf3 Kf6 34. Bxb8 Nxb8 35. Nd1 Nd7 36. Ne3 Nxe3 37. Rxe3 Rxe3+ 38. Kxe3 Kg5 39. Kf3 h5 40. Nc1 b6 41. Nb3 bxc5 42. bxc5 Kf5 1/2-1/2

[Event "GER-ch Youth U16W 2020"]
[Site "Willingen"]
[Date "2020.10.22"]
[Round "4.10"]
[White "Dohon, Maria-Johanna"]
[Black "Schwegler, Jelena"]
[Result "1/2-1/2"]
[ECO "A49"]
[WhiteElo "1536"]
[BlackElo "1539"]
[Annotator "NA RC"]
[PlyCount "86"]
[EventDate "2020.10.20"]
[EventType "swiss"]
[EventRounds "7"]
[EventCountry "GER"]
[SourceTitle "playchess.com"]
[Source "ChessBase"]
[SourceQuality "1"]
[TimeControl "40/5400+30:1800+30"]

1. d4 Nf6 2. Nf3 g6 3. g3 Bg7 4. Bg2 O-O 5. O-O d6 6. c4 c5 7. d5 Nbd7 8. Nc3 Ng4 9. Qc2 Nde5 10. Nd2 a6 11. h3 Nf6 12. a4 b6 13. e4 Bb7 14. f4 Ned7 15. Nf3 Qc7 16. Be3 e6 17. Bf2 exd5 18. cxd5 Rfe8 19. Rfe1 Kh8 20. Rad1 Re7 21. Re2 Rae8 22. Nh2 Qb8 23. Bf3 Ba8 24. Be1 b5 25. axb5 axb5 26. Ra1 b4 27. Nd1 Nb6 28. Ra6 Ra7 29. Rxa7 Qxa7 30. b3 Nbd7 31. Nf2 Bb7 32. Qa2 Qb6 33. Qb1 Ra8 34. Ra2 Rxa2 35. Qxa2 Qa6 36. Qxa6 Bxa6 37. Bd1 Ne8 38. Bc2 Nc7 39. Nfg4 h5 40. Ne3 Bd4 41. Kf2 Kg7 42. Bd2 f6 43. Nf3 Nb5 1/2-1/2

[Event "GER-ch Youth U16W 2020"]
[Site "Willingen"]
[Date "2020.10.23"]
[Round "5.1"]
[White "Reuter, Elisa"]
[Black "Brunner, Sophia"]
[Result "1/2-1/2"]
[ECO "A38"]
[WhiteElo "1860"]
[BlackElo "1850"]
[Annotator "NA RC"]
[PlyCount "72"]
[EventDate "2020.10.20"]
[EventType "swiss"]
[EventRounds "7"]
[EventCountry "GER"]
[SourceTitle "playchess.com"]
[Source "ChessBase"]
[SourceQuality "1"]
[TimeControl "40/5400+30:1800+30"]

1. c4 c5 2. Nc3 Nc6 3. g3 g6 4. Bg2 Bg7 5. Nf3 Nf6 6. O-O O-O 7. d3 d6 8. Rb1 Nd7 {[%emt 0:20:17] A38: Symmetrical English vs ...g6: 4 Bg2 Bg7 5 Nf3 Nf6.} 9. Bd2 Nde5 10. Ne1 f5 11. a3 {[%emt 0:03:04] [#]} Nd7 $146 ({Predecessor:} 11... e6 12. Nc2 g5 13. Qc1 Nf7 14. b4 cxb4 15. axb4 h5 16. b5 Nce5 17. f4 gxf4 18. gxf4 Ng6 19. Bf3 Nxf4 20. Bxf4 Bxc3 21. Bxh5 Qh4 22. Bf3 {½-½ (22) Yordanova,S (2113)-Yaramis,H (1955) Skopje 2017}) 12. b4 e5 13. Nc2 Nb6 14. b5 Nd4 15. Nxd4 exd4 (15... cxd4 $14 16. Nd5 Be6) 16. Nd5 Nxd5 17. Bxd5+ Kh8 18. Qc1 ({White should play} 18. e3 $16) 18... Qe7 19. Re1 Be6 20. e4 Bxd5 21. exd5 Qd7 22. Bf4 Rfe8 23. Qd2 Be5 24. Bg5 Kg7 25. Kf1 Kf7 26. Re2 Bg7 27. Rbe1 Rxe2 28. Qxe2 Re8 29. Qxe8+ Qxe8 30. Rxe8 Kxe8 31. Ke2 Kd7 32. h4 $14 h5 33. a4 Be5 34. f4 Bg7 35. Kd2 Bf8 36. a5 a6 1/2-1/2

[Event "GER-ch Youth U16W 2020"]
[Site "Willingen"]
[Date "2020.10.23"]
[Round "5.5"]
[White "Kalina, Lena"]
[Black "Schnabel, Luise"]
[Result "1/2-1/2"]
[ECO "A16"]
[WhiteElo "1561"]
[BlackElo "1867"]
[Annotator "NA RC"]
[PlyCount "122"]
[EventDate "2020.10.20"]
[EventType "swiss"]
[EventRounds "7"]
[EventCountry "GER"]
[SourceTitle "playchess.com"]
[Source "ChessBase"]
[SourceQuality "1"]
[TimeControl "40/5400+30:1800+30"]

1. c4 Nf6 2. Nc3 g6 3. g3 Bg7 4. Bg2 O-O 5. e4 e5 6. Nge2 d6 7. O-O Nc6 8. d3 Nd7 9. Be3 Nc5 {[%emt 0:04:06] A26: English Opening vs King's Indian with ...Nc6 and d3.} 10. b3 {[%emt 0:08:58] [#]} Bd7 $146 ({Predecessor:} 10... Bg4 11. f3 Be6 12. Nd5 a5 13. Qd2 f5 14. Bg5 Qd7 15. Rab1 Rae8 16. a3 Nd4 17. Nxd4 exd4 {0-1 (121) Pinto Neto,A (1933)-Rodrigues,N (2049) Rio de Janeiro 2014}) 11. Rc1 Qc8 12. d4 exd4 13. Nxd4 Ne5 14. Nd5 Qd8 15. b4 Na6 16. a3 c6 17. Nf4 Ng4 18. Nc2 Nxe3 19. Nxe3 Qe7 20. Qb3 Be6 21. Nxe6 fxe6 22. Rcd1 Kh8 23. Rd2 Rad8 24. Rfd1 Rd7 25. Nc2 Nc7 26. Nd4 e5 27. Nc2 Rdd8 28. Qe3 a6 29. Rd3 Ne8 30. c5 Rf6 31. Qd2 Qf8 32. f3 Bh6 33. Qe2 Nc7 34. Ne3 Bxe3+ 35. Qxe3 Nb5 36. Qd2 h6 37. a4 Nd4 38. f4 dxc5 39. fxe5 Nf3+ 40. Bxf3 Rxd3 41. Qxd3 Rxf3 42. Qd7 Rf7 43. Qd6 cxb4 44. Qxg6 b3 45. Rb1 Rf3 46. Qe6 h5 47. Qc4 b5 48. Qxc6 bxa4 49. Qxa4 Qc5+ 50. Kh1 Qxe5 51. Rxb3 Rxb3 52. Qxb3 Qxe4+ 53. Kg1 Qe5 54. Qb6 a5 55. Qh6+ Kg8 56. Qg6+ Kf8 57. Qc6 Ke7 58. Qb7+ Kf6 59. Qc6+ Kf5 60. Qf3+ Ke6 61. Qc6+ $11 Ke7 1/2-1/2

[Event "GER-ch Youth U16W 2020"]
[Site "Willingen"]
[Date "2020.10.23"]
[Round "5.6"]
[White "Basovskiy, Jana"]
[Black "Doll, Rebecca"]
[Result "1/2-1/2"]
[ECO "C68"]
[WhiteElo "1760"]
[BlackElo "1808"]
[Annotator "NA RC"]
[PlyCount "71"]
[EventDate "2020.10.20"]
[EventType "swiss"]
[EventRounds "7"]
[EventCountry "GER"]
[SourceTitle "playchess.com"]
[Source "ChessBase"]
[SourceQuality "1"]
[TimeControl "40/5400+30:1800+30"]

1. e4 e5 2. Nf3 Nc6 3. Bb5 a6 4. Bxc6 dxc6 5. O-O Bg4 6. h3 h5 7. d3 Qf6 8. Be3 Bxf3 9. Qxf3 Qxf3 10. gxf3 Bd6 11. Nd2 Ne7 12. Rfd1 {[%emt 0:00:14] C68: Ruy Lopez: Exchange Variation, sidelines.} Ng6 13. Kf1 O-O-O 14. Nc4 {[%emt 0:05:35] [#]} Rhf8 $146 ({Predecessor:} 14... f6 15. c3 Nf8 16. b4 Ne6 17. a4 Rhf8 18. Ke2 b6 19. Nxd6+ Rxd6 20. a5 Kb7 {1-0 (54) Oleksienko,M (2552)-Kravtsiv,M (2566) New Delhi 2011}) 15. d4 exd4 16. Rxd4 Bf4 17. Rad1 Rxd4 18. Bxd4 Rd8 19. Ke2 f6 20. c3 Bg5 21. Be3 Nf4+ 22. Bxf4 $1 Bxf4 23. Ne3 g5 24. Nf5 Rxd1 25. Kxd1 Kd7 26. Ng3 h4 27. Ne2 Bd6 28. Nc1 c5 29. c4 Bf4 30. Nd3 Kd6 31. Ke2 b5 32. b3 Kc6 33. Kd1 Kb6 34. Ke2 c6 $11 35. Kd1 a5 36. a4 1/2-1/2

[Event "GER-ch Youth U16W 2020"]
[Site "Willingen"]
[Date "2020.10.23"]
[Round "5.7"]
[White "Falke, Ornella"]
[Black "Klahold, Rona"]
[Result "1-0"]
[ECO "C52"]
[WhiteElo "1500"]
[BlackElo "1551"]
[Annotator "NA RC"]
[PlyCount "27"]
[EventDate "2020.10.20"]
[EventType "swiss"]
[EventRounds "7"]
[EventCountry "GER"]
[SourceTitle "playchess.com"]
[Source "ChessBase"]
[SourceQuality "1"]
[TimeControl "40/5400+30:1800+30"]

1. e4 e5 2. Nf3 Nc6 3. Bc4 Bc5 4. b4 Bxb4 5. c3 Ba5 6. d4 exd4 7. O-O dxc3 8. Qb3 Qe7 9. Nxc3 d6 10. e5 dxe5 11. Ba3 Bb4 12. Nd5 Qd6 13. Nxb4 Nxb4 14. Bxf7+ 1-0

[Event "GER-ch Youth U16W 2020"]
[Site "Willingen"]
[Date "2020.10.23"]
[Round "5.8"]
[White "Yue, Qizhou"]
[Black "Cheredzhiyska, Iva"]
[Result "1-0"]
[ECO "C47"]
[WhiteElo "1775"]
[BlackElo "1674"]
[Annotator "NA RC"]
[PlyCount "63"]
[EventDate "2020.10.20"]
[EventType "swiss"]
[EventRounds "7"]
[EventCountry "GER"]
[SourceTitle "playchess.com"]
[Source "ChessBase"]
[SourceQuality "1"]
[TimeControl "40/5400+30:1800+30"]

1. e4 e5 2. Nf3 Nc6 3. Nc3 Nf6 4. d4 exd4 5. Nxd4 Bb4 6. Nxc6 bxc6 7. Bd3 O-O 8. O-O Re8 9. Re1 d5 10. exd5 Rxe1+ 11. Qxe1 cxd5 12. Bg5 Bb7 13. Bxf6 Qxf6 14. Nxd5 Qg5 15. Qxb4 Qxd5 16. f3 c5 17. Qh4 g6 18. Re1 Qxa2 19. b3 Qb2 20. Bc4 Bc6 21. Bxf7+ Kg7 22. Bc4 Qd4+ 23. Qxd4+ cxd4 24. Rd1 Rd8 25. Ra1 Rd7 26. Ra6 Ba8 27. Kf2 Kf8 28. Ke2 Bb7 29. Ra5 Bc8 30. Kd2 a6 31. Be6 Rc7 32. Bxc8 1-0

[Event "GER-ch Youth U16W 2020"]
[Site "Willingen"]
[Date "2020.10.23"]
[Round "5.9"]
[White "Schneider, Katharina"]
[Black "Dohon, Maria-Johanna"]
[Result "1/2-1/2"]
[ECO "B10"]
[WhiteElo "1779"]
[BlackElo "1536"]
[Annotator "NA RC"]
[PlyCount "75"]
[EventDate "2020.10.20"]
[EventType "swiss"]
[EventRounds "7"]
[EventCountry "GER"]
[SourceTitle "playchess.com"]
[Source "ChessBase"]
[SourceQuality "1"]
[TimeControl "40/5400+30:1800+30"]

1. e4 c6 2. c4 d5 3. exd5 cxd5 4. cxd5 Nf6 5. Nc3 Nxd5 6. Nf3 Nxc3 7. bxc3 Nc6 8. d4 e6 9. Bd3 Bd6 10. O-O h6 11. Re1 O-O 12. Ne5 Nxe5 13. dxe5 Bc5 14. Qf3 f5 15. Qg3 Kh8 16. Rd1 Qe7 17. Bc2 Bd7 18. Qh3 Rf7 19. Qh5 Bb5 20. a4 Bc4 21. Bd3 Bd5 22. c4 Bc6 23. Bb2 Kg8 24. Qg6 Qg5 25. Qxg5 hxg5 26. Kf1 Rd7 27. Bc2 Rad8 28. Rxd7 Rxd7 29. Rd1 Rxd1+ 30. Bxd1 g6 31. f3 Kf7 32. Ke2 a6 33. Kd3 Ke8 34. Bd4 Bb4 35. c5 Ba5 36. Bb3 Kd7 37. h3 Bc7 38. Bd1 1/2-1/2